 Dungeon Crawl Stone Soup version 0.31-a0-920-g28cbb04a8c (webtiles) character file.

Game seed: 2641312011766811119

515 Xavori the Trooper (level 7, -8/49 HPs)
             Began as an Octopode Chaos Knight on Oct 17, 2023.
             Was a Plaything of Xom.
             Killed from afar by a steam dragon (15 damage)
             ... with a ball of steam
             ... summoned by Xom
             ... on level 4 of the Dungeon.
             The game lasted 00:03:40 (11267 turns).

Xavori the Trooper (Octopode Chaos Knight)         Turns: 11267, Time: 00:03:40

Health: -8/49      AC:  1    Str: 14    XL:     7   Next: 20%
Magic:  16/16      EV: 11    Int: 18    God:    Xom [*.....]
Gold:   109        SH:  6    Dex:  9    Spells: 6/6 levels left

rFire   . . .        a - +0 short sword (chaos)
rCold   + . .        n - +0 kite shield
rNeg    . . .        (helmet currently unavailable)
rPois   .            g - amulet of faith
rElec   .            c - ring of protection from cold
rCorr   .            d - ring of magical power
SInv    .            q - ring of willpower
Will    +....        (no ring)
Stlth   ++           (no ring)
HPRegen 0.28/turn    (no ring)
MPRegen 0.15/turn    (no ring)
                     (no ring)

%: resist mutation, faith
@: beast-form
A: beast (slay +0), almost no armour, amphibious, 8 rings, camouflage 1,
gelatinous body 1, (nimble swimmer 1), tentacles, clever 1, clumsy 1, mutation
resistance 3, sense surroundings 3, strong 1, wild magic 1, inability to read
after injury 1, MP-powered wands
a: Begin Untransformation, Renounce Religion


You were on level 4 of the Dungeon.
You worshipped Xom.
You were a special plaything of Xom.
You were a hulking beast.
You visited 1 branch of the dungeon, and saw 4 of its levels.

You collected 197 gold pieces.
You spent 88 gold pieces at shops.

Inventory:

Hand Weapons
 a - a +0 short sword of chaos (weapon)
Armour
 n - a +0 kite shield (worn)
Jewellery
 c - a ring of protection from cold (left tentacle)
 d - a ring of magical power (right tentacle)
 g - an amulet of faith (around mantle)
 q - a ring of willpower (on tentacle)
 B - an amulet of reflection
Talismans
 o - a maw talisman
 y - a beast talisman (active)
Wands
 v - a wand of digging (3)
Scrolls
 b - a scroll of butterflies
 e - 5 scrolls of identify {unknown}
 f - a scroll of fog {unknown}
 h - 7 scrolls of teleportation {unknown}
 k - 2 scrolls of immolation {unknown}
 l - a scroll of enchant weapon {unknown}
 m - 2 scrolls of noise {unknown}
 s - a scroll of enchant armour {unknown}
Potions
 j - 3 potions of invisibility {unknown}
 p - a potion of cancellation {unknown}
 r - a potion of lignification {unknown}
 t - a potion of attraction {unknown}
 u - a potion of berserk rage {unknown}
 w - a potion of heal wounds
 x - a potion of brilliance {unknown}
 z - a potion of curing {unknown}
 A - a potion of enlightenment {unknown}
 C - a potion of mutation {unknown}
Miscellaneous
 i - a phial of floods


   Skills:
 + Level 4.7 Fighting
 + Level 4.6 Short Blades
 + Level 4.3 Dodging
 + Level 3.3 Evocations
 + Level 1.2 Shapeshifting


You had 6 spell levels left.
You didn't know any spells.
Your spell library contained the following spells:

 Spells                   Type           Power      Damage    Failure   Level
 Slow                     Hex            0%         N/A       71%         1
 Ensorcelled Hibernation  Hex/Ice        0%         N/A       83%         2
 Jinxbite                 Hex            0%         N/A       83%         2
 Passwall                 Tmut/Erth      0%         N/A       83%         2
 Confusing Touch          Hex            0%         N/A       96%         3
 Sigil of Binding         Hex            0%         N/A       96%         3
 Swiftness                Air            0%         N/A       96%         3
 Vampiric Draining        Necr           0%         2d6       96%         3
 Anguish                  Hex/Necr       0%         N/A       100%        4


Dungeon Overview and Level Annotations

Branches:
Dungeon (4/15)
 Temple: D:4-7

Altars:
Dithmenos
Fedhas
Hepliaklqana
Qazlal
Xom

Shops:
D:2 (   D:4 (*[*=

Annotations:
D:4 1 runed translucent door, ninjaread99's ghost, amateur DrCj


Innate Abilities, Weirdness & Mutations

You are a hulking beast.
Your limbs bulge with bestial killing power. (Slay +0)
You cannot wear most types of armour.
You are amphibious.
You can wear up to eight rings at the same time.
Your skin changes colour to match your surroundings (Stealth+).
Your rubbery body absorbs attacks. (AC +1, EV +1)
((You are camouflaged when in or above water. (Stealth+)))
You have tentacles for arms and can constrict up to eight enemies at once.
Your mind is acute. (Int +4, Str/Dex -1)
You are clumsy. (Dex -2)
You are almost entirely resistant to further mutation and mutation removal.
You passively map a large area around you.
Your muscles are strong. (Str +4, Int/Dex -1)
Your spells are a little harder to cast, but a little more powerful.
You occasionally lose the ability to read scrolls when taking damage.
You expend magic power (3 MP) to strengthen your wands.


Message History

The steam dragon claws you but does no damage.
The jackal bites you. You block the jackal's attack.
You hit the steam dragon.
The steam dragon easily resists.
The steam dragon is moderately wounded.
The jackal completely misses you. The jackal closely misses you.
The jackal bites you. The steam dragon closely misses you. x2
The jackal bites you. You block the jackal's attack.
There are monsters nearby!
You barely miss the steam dragon.
The steam dragon is moderately wounded.
The jackal bites you. The steam dragon barely misses you.
You block the steam dragon's attack. The jackal bites you.
The jackal closely misses you. You block the jackal's attack.
The endoplasm attacks as it pursues you!
The endoplasm hits you but does no damage.
The jackal closely misses you. The jackal barely misses you.
The endoplasm attacks as it pursues you!
The endoplasm hits you. The steam dragon breathes steam at you.
The ball of steam hits the jackal!
The jackal dies!
The jackal's corpse disappears in a puff of smoke!
The ball of steam misses you. The jackal closely misses you.
The jackal is engulfed in a cloud of scalding steam.
The jackal dies!
The jackal's corpse disappears in a puff of smoke!
The jackal is engulfed in a cloud of scalding steam.
The jackal dies!
The jackal's corpse disappears in a puff of smoke!
You are engulfed in a cloud of scalding steam.
The endoplasm is engulfed in a cloud of scalding steam.
The endoplasm dies!
The endoplasm disappears in a puff of smoke!
The steam dragon breathes steam at you. The ball of steam hits you!
* * * LOW HITPOINT WARNING * * *
The steam dragon breathes steam at you. The ball of steam hits you!
You die...

........###..........#
.....................#
.....................#
[..........#####....##
...............#....#
.##............>....#
....................#
.............##.....#
.#.####......###h...#
#..#.P#......##.§.###
...+(8#.....###.§..#
...#.P#.....##8§.8##
.######.....##.§.§_#
.##.........###§D###
###.........##..§._#
............###.D###
.##....)....##...._#


There were no monsters in sight!

Vanquished Creatures
  A jumping spider (shapeshifter) (D:2)
  An ogre (D:4)
  An orc wizard (D:3)
  6 adders
  2 worms
  A dart slug (D:4)
  6 orcs
  4 bats
  6 endoplasms
  A giant cockroach (D:3)
  5 goblins
  2 hobgoblins
  3 quokkas (D:1)
  2 ball pythons (D:4)
  2 frilled lizards
  9 kobolds
  11 rats
63 creatures vanquished.

Vanquished Creatures (collateral kills)
  An ogre (D:4)
  An iguana (D:4)
  A ball python (D:4)
  A hobgoblin (D:4)
  2 kobolds (D:4)
6 creatures vanquished.

Grand Total: 69 creatures vanquished

Notes
Turn   | Place    | Note
-------+----------+-------------------------------------------
     0 | D:1      | Xavori the Octopode Chaos Knight began the quest for the
                  | Orb.
     0 | D:1      | Reached XP level 1. HP: 16/16 MP: 1/1
   110 | D:1      | XOM: divination: detect items
   177 | D:1      | Reached XP level 2. HP: 15/21 MP: 2/2
   327 | D:1      | XOM: silly message
   535 | D:1      | XOM: divination: detect creatures
   600 | D:1      | XOM: silly message
   979 | D:1      | XOM: noise
   997 | D:1      | XOM: god gift: phial of floods
  1545 | D:1      | XOM: noise
  1964 | D:1      | XOM: silly message
  2882 | D:1      | XOM is BORED!
  2882 | D:1      | XOM: give mutations
  2882 | D:1      | Gained mutation: You sometimes lose your temper in combat.
                  | [Xom's mischief]
  2882 | D:1      | Lost mutation: You sometimes lose your temper in combat.
                  | [Xom's mischief]
  2882 | D:1      | Gained mutation: You expend magic power (3 MP) to
                  | strengthen your wands. [Xom's mischief]
  3032 | D:1      | XOM: silly message
  3186 | D:1      | XOM: give mutation
  3186 | D:1      | Gained mutation: Your mind is acute. (Int +4, Str/Dex -1)
                  | [Xom's mischief]
  3338 | D:1      | XOM: scenery: create altars
  3833 | D:1      | XOM: summons 2 hostile demons
  3939 | D:2      | XOM: give mutations
  3939 | D:2      | Gained mutation: You are clumsy. (Dex -2) [Xom's mischief]
  3939 | D:2      | Gained mutation: You passively map a small area around you.
                  | [Xom's mischief]
  3939 | D:2      | Lost mutation: Your mind is acute. (Int +4, Str/Dex -1)
                  | [Xom's mischief]
  4065 | D:1      | XOM: noise
  4458 | D:1      | XOM: summons 2 hostile demons
  5348 | D:1      | XOM: give mutations
  5348 | D:1      | Gained mutation: You have an increased reservoir of magic.
                  | (+10% MP) [Xom's grace]
  5348 | D:1      | Gained mutation: You are partially covered in large bone
                  | plates. (SH +4) [Xom's grace]
  5445 | D:1      | XOM: summons 4 hostile shadow creatures
  5479 | D:1      | XOM: god gift: staff of death
  5618 | D:1      | XOM: silly message
  6288 | D:1      | XOM: stat loss: -1 Int (13/14)
  6747 | D:1      | XOM: stat loss: -1 Int (12/14)
  6973 | D:1      | XOM: draining
  6993 | D:1      | XOM: give mutation
  6993 | D:1      | Gained mutation: You passively map the area around you.
                  | [Xom's mischief]
  7276 | D:1      | XOM: give mutation
  7276 | D:1      | Gained mutation: You occasionally lose the ability to read
                  | scrolls when taking damage. [Xom's mischief]
  7885 | D:1      | XOM: give mutations
  7885 | D:1      | Lost mutation: You have an increased reservoir of magic.
                  | (+10% MP) [Xom's mischief]
  7885 | D:1      | Lost mutation: You are partially covered in large bone
                  | plates. (SH +4) [Xom's mischief]
  7885 | D:1      | Gained mutation: You are somewhat resistant to further
                  | mutation. [Xom's mischief]
  7885 | D:1      | Gained mutation: You passively map a large area around you.
                  | [Xom's mischief]
  8021 | D:1      | XOM: noise
  8239 | D:1      | XOM: stat loss: -1 Int (11/14)
  8277 | D:1      | XOM: give mutations
  8277 | D:1      | Gained mutation: You are somewhat resistant to both further
                  | mutation and mutation removal. [Xom's grace]
  8277 | D:1      | Gained mutation: Your spells are a little harder to cast,
                  | but a little more powerful. [Xom's grace]
  8277 | D:1      | Gained mutation: Your mind is acute. (Int +4, Str/Dex -1)
                  | [Xom's grace]
  8277 | D:1      | Gained mutation: You are almost entirely resistant to
                  | further mutation and mutation removal. [Xom's grace]
  8523 | D:2      | Found Meonoidesm's Antique Weapon Emporium.
  8558 | D:2      | Found a stormy altar of Qazlal.
  8686 | D:2      | XOM: 1-stop teleportation journey
  8751 | D:2      | Reached XP level 3. HP: 11/25 MP: 3/3
  9125 | D:2      | XOM: give mutations
  9125 | D:2      | Gained mutation: One of your tentacles bears a spike.
                  | [Xom's mischief]
  9125 | D:2      | Lost mutation: One of your tentacles bears a spike. [Xom's
                  | mischief]
  9125 | D:2      | Gained mutation: Your muscles are strong. (Str +4, Int/Dex
                  | -1) [Xom's mischief]
  9132 | D:2      | XOM is BORED!
  9132 | D:2      | XOM: summons 2 hostile shadow creatures
  9241 | D:2      | a worm changed into a shapeshifter
  9241 | D:2      | Noticed a shapeshifter (shapeshifter)
  9241 | D:2      | a shapeshifter changed into a tarantella
  9241 | D:2      | Noticed a tarantella (shapeshifter)
  9244 | D:2      | XOM: enchant monster (good)
  9244 | D:2      | a tarantella changed into a spriggan
  9244 | D:2      | Noticed a spriggan (shapeshifter)
  9245 | D:2      | XOM: 6-stop teleportation journey
  9401 | D:2      | Noticed a jumping spider
  9403 | D:2      | XOM: confuse monster(s)
  9408 | D:2      | Killed a jumping spider
  9409 | D:2      | Reached XP level 4. HP: 7/33 MP: 4/4
  9409 | D:2      | Reached XP level 5. HP: 8/37 MP: 5/5
  9742 | D:3      | XOM: smoke on damage
  9748 | D:3      | XOM: snakes to sticks
  9750 | D:3      | Reached XP level 6. HP: 28/43 MP: 6/6
 10045 | D:3      | XOM: 1-stop teleportation journey
 10634 | D:4      | Found Hiatuoc's Antique Armour Emporium.
 10650 | D:4      | XOM: cleaving
 10663 | D:4      | Found Fihuothriwn's General Store.
 10665 | D:4      | Found Isuer's Assorted Antiques.
 10695 | D:4      | Bought a tapered wooden wand for 88 gold pieces
 10709 | D:4      | Found Teirunt's Jewellery Emporium.
 10715 | D:4      | Reached skill level 1 in Shapeshifting
 10715 | D:4      | Reached XP level 7. HP: 19/49 MP: 7/7
 10793 | D:4      | XOM: 3-stop teleportation journey
 10896 | D:4      | Found Tawn's Weapon Shop.
 10939 | D:4      | XOM: summons 3 hostile shadow creatures
 10942 | D:4      | XOM: polymorph hobgoblin -> river rat
 10955 | D:4      | Identified the +1 leather armour of Reason {rN+ MP-9 Dex+6}
 11044 | D:4      | Found a runed translucent door.
 11044 | D:4      | Noticed ninjaread99's ghost (amateur DrCj)
 11079 | D:4      | Found a shadowy altar of Dithmenos.
 11161 | D:4      | Found a blossoming altar of Fedhas.
 11245 | D:4      | Found a stormy altar of Qazlal.
 11247 | D:4      | Found a hazy altar of Hepliaklqana.
 11252 | D:4      | XOM: summons 3 hostile shadow creatures
 11253 | D:4      | Noticed a steam dragon
 11267 | D:4      | Killed from afar by a steam dragon

Illustrated notes

Levels and vault maps discovered:
D:1:      mushboom_english_gardens, layout_basic, minmay_misc_feat_more_columns
D:2:      layout_loops_corners, basic_altar, serial_shops, shop_fountains,
          nicolae_eternal_life, dk_noncrumbling_4, minmay_rat_gold_closets
D:3:      layout_basic, corexii_leaking_fountain, minmay_ruptured
D:4:      layout_rooms, kennysheep_mini, minitemple, gammafunk_ghost_grave,
          serial_shops, nicolae_shop_gaudy_bauble,
          nicolae_shop_bloodbath_and_beyond, shop, nicolae_square_shop, shop

Skill      XL: |  1  2  3  4  5  6 |
---------------+-------------------+-----
Fighting       | 4 |  4.7
Short Blades   | 4 |  4.6
Dodging        | 3 4 |  4.3
Evocations     | 2 3 |  3.3
Shapeshifting  | 1 |  1.2

Action                     |  1- 3 |  4- 6 |  7- 9 || total
---------------------------+-------+-------+-------++-------
  Melee: Short sword       |    78 |    75 |    28 ||   181
         Constrict         |    19 |    15 |     8 ||    42
         Tentacles         |    16 |    21 |     4 ||    41
         Punch             |       |       |     1 ||     1
    Use: Potion            |     1 |       |       ||     1
   Stab: Sleeping          |     2 |     9 |       ||    11
         Confused          |     1 |     1 |       ||     2
 Armour: Skin              |    33 |    22 |    20 ||    75
  Dodge: Dodged            |    42 |    37 |    20 ||    99
  Block: Other             |     2 |       |       ||     2
         Kite shield       |       |     9 |    11 ||    20
   Form: Beast             |       |       |     1 ||     1

Table legend: (Time is in decaauts)
 A = Elapsed time spent in this place.
 B = Non-inter-level travel time spent in this place.
 C = Inter-level travel time spent in this place.
 D = Time resting spent in this place.
 E = Time spent auto-exploring this place.
 F = Levels seen in this place.
 G = Mean time per level.
                   A        B        C        D        E       F      G
               +--------+--------+--------+--------+--------+-----+--------+
         Total |  11245 |  11165 |     80 |   8317 |   2319 |   4 | 2811.2 |
       Dungeon |  11245 |  11165 |     80 |   8317 |   2319 |   4 | 2811.2 |
               +--------+--------+--------+--------+--------+-----+--------+

Top non-repeatable levels by time:
     D:1: 7953 daAuts
     D:2: 1972 daAuts
     D:3: 687 daAuts
     D:4: 631 daAuts
